 Dungeon Sprint DCSS version 0.27-a0-562-g0d39f094a4 (webtiles) character file.

Game seed: 16292029904503232689

65696 mhtbhm the Hoplite (level 15, -2/143 HPs)
             Began as a Formicid Fighter on Mar 7, 2021.
             Was the Champion of Okawaru.
             Killed from afar by an ancient lich (20 damage)
             ... with a bolt of acid
             ... while petrified by an ancient lich
             ... in the Dungeon (Sprint VII: "The Pits") on Mar 9, 2021.
             The game lasted 00:16:48 (4546 turns).

mhtbhm the Hoplite (Formicid Fighter)               Turns: 4546, Time: 00:16:49

Health: -2/143     AC: 32    Str: 37    XL:     15   Next: 59%
Magic:  19/20      EV:  2    Int: 12    God:    Okawaru [******]
Gold:   24         SH:  0    Dex: 14    Spells: 14/14 levels left

rFire    + + .     SeeInvis +   a - +9 demon trident of Qudda {freeze, rF+ Str+2 Int+4 Stlth+}
rCold    . . .     Faith    .   c - +3 tower shield of Blue Music {rF+ Str+2 Dex+4}
rNeg     + + +     Spirit   .   b - +1 crystal plate armour
rPois    ∞         Reflect  .   (helmet unavailable)
rElec    .         Harm     .   B - +0 cloak
rCorr    .         Rampage  .   z - +0 pair of gloves {Str+3}
Will     +....                  (no boots)
Stlth    ..........             (no amulet)
HPRegen  0.33/turn              l - +3 ring of evasion
MPRegen  0.17/turn              k - +3 ring of strength

@: petrified, heroic
A: permanent stasis, dig shafts and tunnels, antennae 3, four strong arms
a: Dig, Renounce Religion, Heroism, Finesse


You were in the Dungeon.
You worshipped Okawaru.
Okawaru was exalted by your worship.
You visited 1 branch You collected 24 gold pieces.

Inventory:

Hand Weapons
 a - the +9 demon trident of Qudda (weapon) {freeze, rF+ Str+2 Int+4 Stlth+}
   (Okawaru gifted it to you in the Dungeon)

   It has been specially enchanted to freeze those struck by it, causing extra
   injury to most foes and up to half again as much damage against particularly
   susceptible opponents.
   It can also slow down cold-blooded creatures.
   It affects your strength (+2).
   It affects your intelligence (+4).
   It protects you from fire.
   It makes you more stealthy.
 u - a +3 vampiric morningstar
 x - the +5 morningstar "Wamasid" {freeze, Int+6}
   (You found it in the Dungeon)

   It has been specially enchanted to freeze those struck by it, causing extra
   injury to most foes and up to half again as much damage against particularly
   susceptible opponents.
   It can also slow down cold-blooded creatures.
   It affects your intelligence (+6).
Missiles
 y - 14 poisoned darts
Armour
 b - a +1 crystal plate armour (worn)
 c - the +3 tower shield of Blue Music (worn) {rF+ Str+2 Dex+4}
   (Okawaru gifted it to you in the Dungeon)

   It affects your strength (+2).
   It affects your dexterity (+4).
   It protects you from fire.
 n - the +8 tower shield of Valour {Int+7}
   (Okawaru gifted it to you in the Dungeon)

   It affects your intelligence (+7).
 z - a +0 pair of gloves of strength (worn)
 B - a +0 cloak (worn)
Jewellery
 j - the ring of the Greedy {Fire Int+7 SInv}
   (You found it in the Dungeon)

   [ring of fire]

   It enhances your fire magic.
   It affects your intelligence (+7).
   It protects you from fire.
   It makes you vulnerable to cold.
   It lets you see invisible.
 k - a +3 ring of strength (right hand)
 l - a +3 ring of evasion (left hand)
 w - the ring "Ucaipogh" {*Corrode rElec Str-3 Int+6 Stlth+}
   (You found it in the Dungeon)

   [ring of intelligence]

   It affects your strength (-3).
   It affects your intelligence (+6).
   It insulates you from electricity.
   It may corrode you when you take damage.
   It makes you more stealthy.
Wands
 C - a wand of mindburst (12) (quivered)
Scrolls
 i - 5 scrolls of amnesia
 o - 3 scrolls of identify
 p - 2 scrolls of fear
 q - 2 scrolls of enchant weapon
 r - a scroll of fog
Potions
 d - a potion of might
 e - 9 potions of curing
 f - 2 potions of heal wounds
 g - 4 potions of magic
 h - a potion of invisibility
 s - a potion of brilliance
 t - a potion of mutation
Miscellaneous
 v - a phantom mirror
 A - a box of beasts
 D - a phantom mirror


   Skills:
 + Level 20.6(25.6) Fighting
 + Level 21.0(26.0) Polearms
 + Level 16.9(21.9) Armour
 + Level 5.5(10.5) Dodging
 + Level 4.6(9.6) Stealth
 + Level 26.0(27) Shields
 + Level 7.9 Invocations
 + Level 2.3 Evocations


You had 14 spell levels left.
You didn't know any spells.
Your spell library contained the following spells:

 Spells                   Type           Power      Damage    Failure   Level
 Freeze                   Ice            0%         1d3       88%         1
 Frozen Ramparts          Ice            0%         1d2       99%         3
 Ozocubu's Armour         Ice            0%         N/A       99%         3
 Hailstorm                Conj/Ice       0%         3d3       100%        4
 Sticky Flame             Conj/Fire      0%         2d3       100%        4
 Summon Ice Beast         Ice/Summ       0%         N/A       100%        4
 Bolt of Magma            Conj/Fire/Erth 0%         4d4       100%        5
 Silence                  Hex/Air        0%         N/A       100%        5
 Iron Shot                Conj/Erth      0%         9d1       100%        6
 Chain Lightning          Conj/Air       0%         N/A       100%        8
 Lehudib's Crystal Spear  Conj/Erth      0%         10d2      100%        8
 Absolute Zero            Ice            0%         ∞         100%        9
 Fire Storm               Conj/Fire      0%         5d1       100%        9


Dungeon Overview and Level Annotations

Branches:
Dungeon (1/1)

Altars:
Ashenzari
Cheibriados
Dithmenos
Elyvilon
Fedhas
Gozag
Hepliaklqana
Kikubaaqudgha
Makhleb
Nemelex Xobeh
Okawaru
Qazlal
Ru
Sif Muna
Trog
Uskayaw
Vehumet
Wu Jian
Xom
Yredelemnul
Zin
The Shining One
Beogh
Jiyva
Lugonu


Innate Abilities, Weirdness & Mutations

You cannot be hasted, slowed, berserked, paralysed or teleported.
You can dig through walls and to a lower floor.
You have a pair of large antennae on your head. (SInv)
Your four strong arms can wield two-handed weapons with a shield.


Message History

The ancient lich is severely damaged.
The ancient lich gestures at you while chanting.
The crystal spear hits you!!!
* * * LOW HITPOINT WARNING * * *
You are too injured to fight recklessly!
You are too injured to fight recklessly!
You are too injured to fight recklessly!
You are too injured to fight recklessly!
You are too injured to fight recklessly!
You are too injured to fight recklessly!
You are too injured to fight recklessly!
You are too injured to fight recklessly!
You are too injured to fight recklessly!
You are too injured to fight recklessly!
You are too injured to fight recklessly!
You are too injured to fight recklessly!
You are too injured to fight recklessly!
You hit the ancient lich.
The ancient lich is severely damaged.
The ancient lich points at itself and mumbles some strange words.
The ancient lich flickers and vanishes for a moment.
You puncture the ancient lich!
The ancient lich is severely damaged.
The ancient lich points at you and mumbles some strange words.
You are slowing down.
You gain the combat prowess of a mighty hero.
The ancient lich touches you but does no damage.
The ancient lich misses you.
Your limbs are stiffening.
You impale the ancient lich!! You freeze the ancient lich.
The ancient lich is almost destroyed.
The ancient lich touches you but does no damage.
The ancient lich barely misses you.
You have turned to stone.
The ancient lich completely misses you. The ancient lich touches you!
* * * LOW HITPOINT WARNING * * *
The ancient lich touches you but does no damage.
The ancient lich touches you but does no damage.
The ancient lich points at you and mumbles some strange words.
The bolt of acid hits you!!!
You die...

*,,+****+*,,+***,*
,**,*,*,***,,***+*
*,,***+**,**,,**{*
,**,,+,***+*,{**+*
*,,*****,**,,***{*
+**+,*,**+,,** #+#
,*,****+*,,+** #.#
*****,**,,**{**#L#
***,**+,,*+**+##@##
,***+*,,+**{*,#...#
,,***,,**,***++...#
*** ******* **##.##
***************#[#
,*,,,,+,,,,*,,*#)#
,*,,,,*,,,{*,,*#)#
+******+**+*,,*#.#
,,,,,,,,,,,*,,*#'#


You could see an ancient lich (fast, invisible).

Vanquished Creatures
  Dissolution (D)
  A royal mummy (D)
  A Killer Klown (D)
  A pandemonium lord (D)
  A pearl dragon (D)
  A Brimstone Fiend (D)
  A tentacled monstrosity (D)
  An Ice Fiend (D)
  A titan (D)
  A death cob (D)
  A sphinx (D)
  Gastronok (D)
  A draconian monk (D)
  A shadow dragon (D)
  A draconian stormcaller (D)
  An eidolon (D)
  A blizzard demon (D)
  A boulder beetle (D)
  An ogre mage (D)
  Erolcha (D)
  5 two-headed ogres (D)
  A merfolk avatar (D)
  2 alligator snapping turtles (D)
  A dancing weapon (D)
  A death knight (D)
  3 hell hogs (D)
  2 sixfirhies (D)
  2 flayed ghosts (D)
  An unseen horror (D)
  A bog body (D)
  A sea snake (D)
  A deep troll (D)
  A phantasmal warrior (D)
  An orc knight (D)
  A necromancer (D)
  A wolf spider (D)
  A lindwurm (D)
  2 rust devils (D)
  4 elephants (D)
  A smoke demon (D)
  An eye of devastation (D)
  A molten gargoyle (D)
  Psyche (D)
  2 orange demons (D)
  2 yaktaurs (D)
  A hellion (D)
  A freezing wraith (D)
  A komodo dragon (D)
  3 ice devils (D)
  A guardian mummy (D)
  A rime drake (D)
  A hellwing (D)
  A troll (D)
  A polar bear (D)
  A hornet (D)
  Prince Ribbit (D)
  4 dream sheep (D)
  4 blink frogs (D)
  3 ynoxinuls (D)
  An air elemental (D)
  A spriggan (D)
  A shadow (D)
  A wraith (D)
  A tarantella (shapeshifter) (D)
  A water elemental (D)
  A fire elemental (D)
  5 vampire mosquitoes (D)
  2 steam dragons (D)
  An acid dragon (D)
  Edmund (D)
  2 floating eyes (D)
  2 ice beasts (D)
  3 orc warriors (D)
  A black bear (D)
  A kobold brigand (D)
  A gnoll sergeant (D)
  5 wights (D)
  A crimson imp (D)
  2 hounds (D)
  A jelly (D)
  2 orc priests (D)
  4 orc wizards (D)
  5 gnolls (D)
  3 oozes (D)
  An adder simulacrum (D)
  7 orcs (D)
  A ball python (D)
  A giant cockroach (D)
  6 jackals (D)
  A giant cockroach zombie (D)
  2 kobolds (D)
  A leopard gecko simulacrum (D)
153 creatures vanquished.

Vanquished Creatures (others)
  An acid dragon (D)
  An adder simulacrum (D)
2 creatures vanquished.

Grand Total: 155 creatures vanquished

Notes
Turn   | Place    | Note
-------+----------+-------------------------------------------
     0 | D        | mhtbhm the Formicid Fighter began the quest for the Orb.
     0 | D        | Reached XP level 1. HP: 18/18 MP: 1/1
    16 | D        | Reached skill level 4 in Shields
    21 | D        | Found a bloodstained altar of Trog.
    21 | D        | Found a shimmering blue altar of Sif Muna.
    21 | D        | Found a viscous altar of Jiyva.
    21 | D        | Found a hazy altar of Hepliaklqana.
    21 | D        | Found an opulent altar of Gozag.
    22 | D        | Found a glowing golden altar of the Shining One.
    22 | D        | Found a glowing silver altar of Zin.
    22 | D        | Found a basalt altar of Yredelemnul.
    22 | D        | Found a shimmering altar of Xom.
    22 | D        | Found an ornate altar of the Wu Jian Council.
    22 | D        | Found a sacrificial altar of Ru.
    22 | D        | Found a stormy altar of Qazlal.
    22 | D        | Found an iron altar of Okawaru.
    22 | D        | Found a sparkling altar of Nemelex Xobeh.
    22 | D        | Found a burning altar of Makhleb.
    22 | D        | Found a blossoming altar of Fedhas.
    22 | D        | Found a white marble altar of Elyvilon.
    22 | D        | Found a shadowy altar of Dithmenos.
    22 | D        | Found a snail-covered altar of Cheibriados.
    24 | D        | Found a radiant altar of Vehumet.
    24 | D        | Found a corrupted altar of Lugonu.
    27 | D        | Found a hide-covered altar of Uskayaw.
    27 | D        | Found an ancient bone altar of Kikubaaqudgha.
    27 | D        | Found a broken altar of Ashenzari.
    34 | D        | Became a worshipper of Warmaster Okawaru
    76 | D        | Reached XP level 2. HP: 25/25 MP: 2/2
   100 | D        | Reached skill level 5 in Shields
   100 | D        | Reached XP level 3. HP: 31/31 MP: 3/3
   204 | D        | Noticed a floating eye
   207 | D        | Killed a floating eye
   208 | D        | Reached skill level 5 in Fighting
   208 | D        | Reached skill level 1 in Dodging
   208 | D        | Reached skill level 7 in Shields
   208 | D        | Reached XP level 4. HP: 40/40 MP: 4/4
   208 | D        | Reached XP level 5. HP: 46/46 MP: 5/5
   218 | D        | Reached * piety under Okawaru
   291 | D        | Noticed a black bear
   295 | D        | Noticed Edmund
   298 | D        | Noticed an ice beast
   308 | D        | Killed a black bear
   309 | D        | Reached skill level 5 in Polearms
   309 | D        | Reached skill level 8 in Shields
   309 | D        | Reached XP level 6. HP: 37/53 MP: 6/6
   317 | D        | Noticed an ice beast
   335 | D        | Killed Edmund
   336 | D        | Reached skill level 9 in Shields
   336 | D        | Reached XP level 7. HP: 38/60 MP: 7/7
   345 | D        | Reached ** piety under Okawaru
   346 | D        | Reached skill level 10 in Shields
   375 | D        | Reached skill level 11 in Shields
   375 | D        | Reached XP level 8. HP: 21/68 MP: 8/8
   621 | D        | Noticed a smoke demon
   634 | D        | Killed a smoke demon
   634 | D        | Reached *** piety under Okawaru
   635 | D        | Reached skill level 10 in Polearms
   888 | D        | Noticed a hornet
   888 | D        | Noticed a dream sheep
   888 | D        | Noticed a dream sheep
   888 | D        | Noticed a dream sheep
   888 | D        | Noticed a dream sheep
   899 | D        | Killed a dream sheep
   900 | D        | Reached skill level 12 in Shields
   909 | D        | Killed a dream sheep
   910 | D        | Reached XP level 9. HP: 59/76 MP: 9/9
   913 | D        | Killed a hornet
   913 | D        | Reached **** piety under Okawaru
   924 | D        | Reached skill level 1 in Stealth
  1135 | D        | Noticed a death knight
  1135 | D        | Noticed an eye of devastation
  1141 | D        | Reached skill level 10 in Fighting
  1141 | D        | Reached skill level 10 in Armour
  1141 | D        | Reached skill level 13 in Shields
  1155 | D        | Killed an eye of devastation
  1155 | D        | Reached ***** piety under Okawaru
  1156 | D        | Reached XP level 10. HP: 24/85 MP: 10/10
  1167 | D        | Killed a death knight
  1168 | D        | Reached skill level 5 in Dodging
  1409 | D        | Noticed an orange demon
  1418 | D        | Noticed a merfolk avatar
  1420 | D        | Killed an orange demon
  1438 | D        | Killed a merfolk avatar
  1438 | D        | Identified the +9 demon trident of Qudda {freeze, rF+ Str+2
                  | Int+4 Stlth+} (Okawaru gifted it to you in the Dungeon)
  1438 | D        | Received a gift from Okawaru
  1439 | D        | Reached skill level 14 in Shields
  1704 | D        | Noticed an unseen horror
  1717 | D        | Reached skill level 15 in Polearms
  1717 | D        | Reached XP level 11. HP: 56/95 MP: 11/11
  1719 | D        | Killed an unseen horror
  2009 | D        | Noticed a bog body
  2016 | D        | Killed a bog body
  2016 | D        | Identified the +8 tower shield of Valour {Int+7} (Okawaru
                  | gifted it to you in the Dungeon)
  2016 | D        | Received a gift from Okawaru
  2017 | D        | Reached skill level 15 in Shields
  2017 | D        | Reached skill level 1 in Invocations
  2017 | D        | Noticed a flayed ghost
  2034 | D        | Killed a flayed ghost
  2213 | D        | Noticed an orc knight
  2213 | D        | Noticed a phantasmal warrior
  2224 | D        | Killed an orc knight
  2229 | D        | Killed a phantasmal warrior
  2340 | D        | Noticed Psyche
  2341 | D        | Noticed Prince Ribbit
  2349 | D        | Killed Psyche
  2350 | D        | Reached skill level 16 in Shields
  2375 | D        | Killed Prince Ribbit
  2387 | D        | Noticed a death cob
  2387 | D        | Noticed a lindwurm
  2387 | D        | Noticed a wolf spider
  2404 | D        | Killed a death cob
  2405 | D        | Reached XP level 12. HP: 74/107 MP: 13/13
  2407 | D        | Received a gift from Okawaru
  2408 | D        | Reached skill level 17 in Shields
  2621 | D        | Noticed a flayed ghost
  2622 | D        | Noticed a two-headed ogre
  2622 | D        | Noticed a deep troll
  2626 | D        | Noticed Gastronok
  2630 | D        | Killed a deep troll
  2639 | D        | Killed a two-headed ogre
  2640 | D        | Reached skill level 18 in Shields
  2663 | D        | Killed a flayed ghost
  2664 | D        | Reached skill level 15 in Fighting
  2675 | D        | Killed Gastronok
  2676 | D        | Reached skill level 19 in Shields
  2677 | D        | Noticed a sixfirhy
  2681 | D        | Killed a sixfirhy
  2778 | D        | Got the Catalogue of Feathery Battle Magic
  2782 | D        | Got the ring "Ucaipogh" {*Corrode rElec Str-3 Int+6 Stlth+}
  2897 | D        | Noticed a boulder beetle
  2902 | D        | Killed a boulder beetle
  2933 | D        | Reached XP level 13. HP: 113/116 MP: 14/14
  2984 | D        | Noticed an eidolon
  2984 | D        | Noticed Dissolution
  2984 | D        | Noticed a blizzard demon
  2984 | D        | Noticed an alligator snapping turtle
  2998 | D        | Killed a blizzard demon
  3008 | D        | Received a gift from Okawaru
  3024 | D        | Killed Dissolution
  3024 | D        | Reached ****** piety under Okawaru
  3024 | D        | Received a gift from Okawaru
  3025 | D        | Reached skill level 21 in Shields
  3025 | D        | Reached skill level 5 in Invocations
  3033 | D        | Reached skill level 22 in Shields
  3078 | D        | Killed an eidolon
  3306 | D        | Killed an alligator snapping turtle
  3313 | D        | Got the ring of the Greedy {Fire Int+7 SInv}
  3417 | D        | Noticed Erolcha
  3420 | D        | Killed Erolcha
  3421 | D        | Reached XP level 14. HP: 128/128 MP: 18/18
  3435 | D        | Reached skill level 15 in Armour
  3461 | D        | Reached skill level 23 in Shields
  3531 | D        | Noticed a sphinx
  3533 | D        | Killed a sphinx
  3533 | D        | Received a gift from Okawaru
  3575 | D        | Got the +5 morningstar "Wamasid" {freeze, Int+6}
  3615 | D        | Reached skill level 24 in Shields
  3620 | D        | Identified the +3 tower shield of Blue Music {rF+ Str+2
                  | Dex+4} (Okawaru gifted it to you in the Dungeon)
  3620 | D        | Received a gift from Okawaru
  3734 | D        | Upgraded the game from 0.27-a0-550-ge92ec0ca06 to
                  | 0.27-a0-562-g0d39f094a4
  3771 | D        | Noticed a Brimstone Fiend
  3775 | D        | Killed a Brimstone Fiend
  3786 | D        | Noticed a royal mummy
  3804 | D        | Killed a royal mummy
  4086 | D        | Noticed a titan
  4089 | D        | Killed a titan
  4090 | D        | Reached XP level 15. HP: 127/139 MP: 20/20
  4135 | D        | Noticed an Ice Fiend
  4142 | D        | Killed an Ice Fiend
  4265 | D        | Noticed a Killer Klown
  4265 | D        | Noticed a shadow dragon
  4265 | D        | Noticed a pearl dragon
  4265 | D        | Noticed a green draconian stormcaller
  4265 | D        | Noticed Voidue the pandemonium lord
  4265 | D        | Noticed a yellow draconian monk
  4265 | D        | Noticed a tentacled monstrosity
  4270 | D        | Noticed a Tzitzimitl
  4282 | D        | Killed a Killer Klown
  4283 | D        | Reached skill level 25 in Shields
  4293 | D        | Killed a tentacled monstrosity
  4294 | D        | Noticed a cacodemon
  4301 | D        | Killed a yellow draconian monk
  4301 | D        | Received a gift from Okawaru
  4302 | D        | Reached skill level 1 in Evocations
  4302 | D        | Found the +12 Vampire's Tooth {vamp}
  4306 | D        | Noticed a balrug
  4325 | D        | Killed Voidue the pandemonium lord
  4327 | D        | Killed a green draconian stormcaller
  4330 | D        | Killed a pearl dragon
  4335 | D        | Killed a shadow dragon
  4336 | D        | Reached skill level 26 in Shields
  4532 | D        | Noticed an ancient lich
  4546 | D        | Killed from afar by an ancient lich

Illustrated notes

Levels and vault maps discovered:
D:        pitsprint [storerooms_1, entrance_room_1, metal_vault_4, armoury_3,
          mini_pit_1, grid_room_1, main_hall_1, silver_pit, the_coven_3,
          the_vestibule_1, steel_vault_2, golden_pit, hallway_of_sentries,
          crystal_vault_4, iron_vault_5, final_vault]

Skill      XL: |  1  2  3  4  5  6  7  8  9 10 11 12 13 14 15 |
---------------+----------------------------------------------+-----
Shields        | 4 5 7 8 9 11 12 13 14 16 19 22 24 26 | 26.0
Fighting       | 4 5 6 7 8 9 10 11 14 15 17 19 20 | 20.6
Armour         | 4 6 7 8 9 10 11 13 14 16 | 16.9
Polearms       | 4 5 6 9 11 13 15 16 17 18 20 21 | 21.0
Dodging        | 1 2 3 4 5 |  5.5
Stealth        | 1 4 |  4.6
Invocations    | 1 2 5 7 |  7.9
Evocations     | 2 |  2.3

Action                   |  1- 3 |  4- 6 |  7- 9 | 10-12 | 13-15 || total
-------------------------+-------+-------+-------+-------+-------++-------
Melee: Trident           |    24 |    50 |   117 |       |       ||   191
       Halberd           |       |       |    22 |    35 |       ||    57
       Demon trident     |       |       |       |   209 |   276 ||   485
Invok: Heroism           |       |       |       |     2 |     4 ||     6
       Finesse           |       |       |       |       |     2 ||     2
Evoke: Phantom mirror    |       |       |       |       |     4 ||     4
       Wand              |       |       |       |       |     1 ||     1
  Use: Potion            |       |       |     2 |     3 |    19 ||    24
       Scroll            |       |       |       |     1 |     5 ||     6
 Stab: Distracted        |       |       |       |       |     1 ||     1
Armor: Scale mail        |    11 |     4 |       |       |       ||    15
       Chain mail        |       |    18 |    27 |       |       ||    45
       Plate armour      |       |       |     3 |    27 |       ||    30
       Crystal plate arm |       |       |       |    17 |    49 ||    66
Dodge: Dodged            |    11 |    17 |    20 |    60 |    26 ||   134
Block: Kite shield       |    19 |    28 |    53 |    46 |       ||   146
       Tower shield      |       |       |       |   170 |   225 ||   395

Table legend: (Time is in decaauts)
 A = Elapsed time spent in this place.
 B = Non-inter-level travel time spent in this place.
 C = Inter-level travel time spent in this place.
 D = Time resting spent in this place.
 E = Time spent auto-exploring this place.
 F = Levels seen in this place.
 G = Mean time per level.
                   A        B        C        D        E       F      G
               +--------+--------+--------+--------+--------+-----+--------+
         Total |   4321 |   4321 |      0 |   2475 |     39 |   1 | 4321.0 |
       Dungeon |   4321 |   4321 |      0 |   2475 |     39 |   1 | 4321.0 |
               +--------+--------+--------+--------+--------+-----+--------+

Top non-repeatable levels by time:
       D: 4321 daAuts
